 Dungeon Crawl Stone Soup version 0.31.0-2-g5a2aebc5c2 (webtiles) character file.

Game seed: 6798310320113737083

1511500 Xpym the Slayer (level 26, 263/263 HPs)
             Began as an Oni Hexslinger on Jan 21, 2024.
             Was a High Priest of Hepliaklqana.
             Escaped with the Orb
             ... and 3 runes!
             The game lasted 07:55:05 (82737 turns).

Xpym the Slayer (Oni Hexslinger)                   Turns: 82737, Time: 07:55:06

Health: 263/263    AC: 28    Str: 19    XL:     26   Next: 98%
Magic:  33/33      EV: 20    Int: 12    God:    Hepliaklqana [*****.]
Gold:   199        SH: 21    Dex: 26    Spells: 6/39 levels left

rFire   + . .        b - +9 hand cannon (flame)
rCold   + . .        V - +5 kite shield {rC+}
rNeg    + . .        R - quicksilver dragon scales
rPois   +            r - +2 hat {Will+}
rElec   +            E - +2 cloak {rCorr}
rCorr   +            (gloves unavailable)
SInv    +            (boots unavailable)
Will    +++++        P - amulet "Puto" {Faith rPois rF+ Regen+}
Stlth   +            C - ring of Ziottipt {rN+ AC+4 Int-2 Dex+7 SInv}
HPRegen 1.43/turn    s - ring "Qoogai" {^Contam rElec rPois AC+4 Slay+2, =R}
MPRegen 0.23/turn

%: faith
@: studying Necromancy
A: reduced essence, large, unfitting armour, horns 1, tough skin 1, double
potion healing, drunken brawling, strong-willed 1, subdued magic 1
0: Orb of Zot
}: 3/15 runes: decaying, serpentine, silver
a: Renounce Religion, Recall Ancestor, Ancestor Identity, Transference, Idealise


You escaped.
You worshipped Hepliaklqana.
Hepliaklqana was extremely pleased with you.
You visited 11 branches of the dungeon, and saw 49 of its levels.
You also visited: Trove, Ice Cave and Wizlab.

You collected 7463 gold pieces.
You spent 7264 gold pieces at shops.


Innate Abilities, Weirdness & Mutations

Your life essence is reduced to manifest your ancestor. (-10% HP)
You are too large for most types of armour.
You have a pair of small horns on your head.
You have tough skin. (AC +1)
You gain doubled healing and magic from potions.
Whenever you drink a healing potion, you attack all around you.
You are strong-willed. (Will+)
Your spells are a little easier to cast, but a little less powerful.


   Skills:
 + Level 22.4 Fighting
 + Level 19.3 Ranged Weapons
 + Level 12.6 Armour
 - Level 15.3 Dodging
 - Level 4.0 Stealth
 - Level 15.0 Shields
 - Level 7.0 Spellcasting
 - Level 13.0 Hexes
 - Level 8.0 Translocations
 - Level 4.0 Fire Magic
 - Level 13.0 Ice Magic
 - Level 7.0 Air Magic
 - Level 10.0 Earth Magic
 - Level 10.0 Alchemy
 - Level 10.0 Invocations
 - Level 4.0 Evocations


You had 6 spell levels left.
You knew the following spells:

 Your Spells              Type           Power      Damage    Failure   Level
a - Passwall              Erth           21%        N/A       1%          3
c - Cause Fear            Hex            13%        N/A       1%          4
f - Inner Flame           Hex/Fire       18%        N/A       2%          3
i - Swiftness             Air            16%        N/A       5%          3
l - Leda's Liquefaction   Alch/Erth      10%        N/A       4%          4
m - Metabolic Englaciati  Hex/Ice        13%        N/A       4%          5
B - Blink                 Tloc           36%        N/A       1%          2
X - Jinxbite              Hex            54%        N/A       1%          2
Y - Sigil of Binding      Hex            27%        N/A       1%          3
Z - Dimensional Bullseye  Hex/Tloc       11%        N/A       4%          4

Your spell library contained the following spells:

 Spells                   Type           Power      Damage    Failure   Level
 Freeze                   Ice            100%       1d10      1%          1
 Slow                     Hex            100%       N/A       1%          1
 Ensorcelled Hibernation  Hex/Ice        54%        N/A       1%          2
 Mercury Vapours          Alch/Air       36%        N/A       1%          2
 Frozen Ramparts          Ice            54%        1d9       1%          3
 Ozocubu's Armour         Ice            27%        N/A       1%          3
 Tukima's Dance           Hex            27%        N/A       1%          3
 Gell's Gravitas          Tloc           18%        N/A       3%          3
 Teleport Other           Tloc           18%        N/A       3%          3
 Cigotuvi's Dreadful Rot  Necr/Alch/Air  26%        N/A       4%          2
 Petrify                  Alch/Erth      21%        N/A       4%          4
 Dazzling Flash           Conj/Hex       30%        N/A       7%          3
 Hailstorm                Conj/Ice       15%        3d6       7%          3
 Summon Ice Beast         Ice/Summ       15%        N/A       7%          3
 Volatile Blastmotes      Fire/Tloc      28%        2d12      8%          3
 Yara's Violent Unravell  Hex/Alch       12%        3d7       8%          5
 Scorch                   Fire           20%        2d5       10%         2
 Mephitic Cloud           Conj/Alch/Air  13%        N/A       10%         3
 Static Discharge         Conj/Air       18%        3-4/arc   12%         2
 Manifold Assault         Tloc           18%        N/A       12%         4
 Passage of Golubria      Tloc           18%        N/A       12%         4
 Vhi's Electric Charge    Tloc/Air       34%        N/A       16%         4
 Lee's Rapid Deconstruct  Erth           10%        3d8*      16%         5
 Silence                  Hex/Air        10%        N/A       16%         5
 Anguish                  Hex/Necr       7%         N/A       22%         4
 Magic Dart               Conj           12%        1d3       32%         1
 Necrotise                Necr           12%        1d4       32%         1
 Animate Armour           Summ/Erth      24%        N/A       41%         4
 Brom's Barrelling Bould  Conj/Erth      12%        2d4       41%         4
 Fulminant Prism          Conj/Alch      6%         3d6       41%         4
 Sculpt Simulacrum        Ice/Alch       12%        N/A       43%         6
 Call Imp                 Summ           6%         N/A       47%         2
 Searing Ray              Conj           6%         2d4       47%         2
 Sublimation of Blood     Necr           3%         N/A       47%         2
 Freezing Cloud           Conj/Ice/Air   7%         6-21      52%         5
 Iskenderun's Mystic Bla  Conj/Tloc      10%        2d4       54%         4
 Summon Mana Viper        Hex/Summ       15%        N/A       54%         5
 Summon Lightning Spire   Summ/Air       9%         N/A       63%         4
 Eringya's Noxious Bog    Alch           10%        4d6       65%         6
 Call Canine Familiar     Summ           3%         N/A       71%         3
 Fugue of the Fallen      Necr           3%         N/A       71%         3
 Vampiric Draining        Necr           3%         2d6       71%         3
 Irradiate                Conj/Alch      6%         3d13      77%         5
 Flame Wave               Conj/Fire      6%         2d5       83%         4
 Summon Blazeheart Golem  Fire/Summ      6%         N/A       83%         4
 Summon Forest            Summ/Tloc      5%         N/A       89%         5
 Dispersal                Tloc           9%         N/A       90%         6
 Arcjolt                  Conj/Air       4%         1d14      93%         5
 Martyr's Knell           Necr/Summ      3%         N/A       98%         4
 Fireball                 Conj/Fire      3%         3d4       99%         5
 Plasma Beam              Fire/Air       6%         2x1d17    99%         6
 Curse of Agony           Necr           3%         N/A       100%        5
 Iskenderun's Battlesphe  Conj           3%         2d6       100%        5
 Bombard                  Conj/Erth      6%         9d2       100%        6
 Conjure Ball Lightning   Conj/Air       4%         3x3d6     100%        6
 Summon Cactus Giant      Summ           1%         N/A       100%        6
 Enfeeble                 Hex            13%        N/A       82%         7
 Haunt                    Necr/Summ      1%         N/A       100%        7
 Orb of Destruction       Conj           1%         9d5       100%        7
 Summon Hydra             Summ           1%         N/A       100%        7
 Borgnjor's Revivificati  Necr           1%         N/A       100%        8
 Disjunction              Tloc           9%         N/A       100%        8
 Lehudib's Crystal Spear  Conj/Erth      6%         10d3      100%        8
 Chain Lightning          Conj/Air       4%         3d6       100%        9
 Death's Door             Necr           1%         N/A       100%        9
 Fire Storm               Conj/Fire      3%         8d1       100%        9
 Shatter                  Erth           10%        3d12*     100%        9

Inventory:

Hand Weapons
 a - a +9 hand cannon of freezing
 b - a +9 hand cannon of flaming (weapon)
Missiles
 c - 2 curare-tipped darts {@f1 =f}
 O - 6 throwing nets {=f}
Armour
 p - a scarf of resistance
 r - a +2 hat of willpower (worn)
 D - a +2 kite shield of fire resistance
 E - a +2 cloak of preservation (worn)
 R - quicksilver dragon scales (worn)
 V - a +5 kite shield of cold resistance (worn)
Jewellery
 f - a ring of fire
 n - a ring of positive energy
 s - the ring "Qoogai" (right hand) {^Contam rElec rPois AC+4 Slay+2, =R}
   (You found it in an ice cave)

   [ring of protection]

   AC+4:      It affects your AC (+4).
   Slay+2:    It affects your accuracy & damage with ranged weapons and melee
   (+2).
   rElec:     It insulates you from electricity.
   rPois:     It protects you from poison ^Contam: It causes magical
   contamination when unequipped.
 w - a ring of willpower
 C - the ring of Ziottipt (left hand) {rN+ AC+4 Int-2 Dex+7 SInv}
   (You bought it in a shop on level 1 of the Vaults)

   [ring of protection]

   AC+4:      It affects your AC (+4).
   Int-2:     It affects your intelligence (-2).
   Dex+7:     It affects your dexterity (+7).
   rN+:       It protects you from negative energy.
   SInv:      It lets you see invisible.
 L - a ring of flight
 P - the amulet "Puto" (around neck) {Faith rPois rF+ Regen+}
   (You bought it in a shop on level 3 of the Elven Halls)

   [amulet of faith]

   Faith:     It allows you to gain divine favour quickly.
   rF+:       It protects you from fire.
   rPois:     It protects you from poison Regen+: It increases your rate of
   health regeneration.
 Y - the ring of Jogeta {AC+4 Str+4 Int+3}
   (You found it in an ice cave)

   [ring of protection]

   AC+4:      It affects your AC (+4).
   Str+4:     It affects your strength (+4).
   Int+3:     It affects your intelligence (+3).
Wands
 g - a wand of roots (40)
 v - a wand of light (20)
 y - a wand of digging (16)
Scrolls
 e - 15 scrolls of teleportation {@r2}
 i - 9 scrolls of vulnerability
 j - 2 scrolls of immolation
 l - 2 scrolls of revelation
 m - a scroll of summoning
 u - 6 scrolls of blinking
 x - 3 scrolls of poison
 B - 4 scrolls of silence {!r}
 G - 9 scrolls of fog
 J - 11 scrolls of noise
 N - 7 scrolls of amnesia
 Q - 7 scrolls of fear
Potions
 d - a potion of haste {@q3}
 k - 9 potions of enlightenment
 o - 6 potions of brilliance
 q - 5 potions of invisibility
 t - 9 potions of heal wounds {@q2}
 z - 23 potions of curing {@q1}
 A - 2 potions of magic
 H - 11 potions of lignification
 W - 5 potions of might
 Z - 2 potions of ambrosia
Miscellaneous
 F - a phial of floods
 S - a phantom mirror
 X - a tin of tremorstones (2/2)

Dungeon Overview and Level Annotations

Branches:
Dungeon (15/15)            Temple (1/1) D:6            Lair (5/5) D:11
  Swamp (4/4) Lair:2        Snake (4/4) Lair:3        Slime (0/5) Lair:5
    Orc (2/2) D:9             Elf (3/3) Orc:2        Vaults (5/5) D:13
  Crypt (1/3) Vaults:3     Depths (4/4) D:15            Zot (5/5) Depths:4
  IceCv (visited)          WizLab (visited)

Altars:
Ashenzari
Cheibriados
Dithmenos
Elyvilon
Fedhas
Gozag
Hepliaklqana
Kikubaaqudgha
Makhleb
Nemelex Xobeh
Okawaru
Qazlal
Ru
Sif Muna
Trog
Uskayaw
Vehumet
Wu Jian
Xom
Yredelemnul
Zin
The Shining One
Jiyva

Shops:
D:2 (*=   D:7 *   D:12 !   D:14 ?   Orc:1 *   Orc:2 [?[:   Elf:3 =
Vaults:1 =(!   Depths:1 ![:!   Depths:2 (*

Portals:
Hell: Depths:1 Depths:2 Depths:3 Depths:4
Abyss: Depths:3
Pandemonium: Depths:2 Depths:3
Ziggurat: Depths:4

Annotations:
Swamp:2 2 transporters, exclusion: orange crystal statue
Vaults:1 2 transporters, Galthrax's ghost, adept GnCj
Vaults:2 1 exclusion, Jory; Zenata
Depths:2 exclusion: lightning spire
Zot:1 Tiamat

# #.# #.# #.... # #.# #^########
###############......... ####
#≈≈≈≈≈≈≈≈≈≈≈≈≈#########. ...#
#≈≈≈≈≈≈≈≈≈≈≈≈≈# #. ##.#
#≈≈~≈~~~~~≈~≈≈# #. #.#
#≈≈≈~~~~~~~≈≈≈# #. #)#
#≈≈~~~...~~≈≈≈# #######. ##.#
#≈≈~~..@..~~~≈###....... ...#
#≈≈≈~~.R.~~~≈≈#......... ####
#≈≈≈~~~~~~~≈≈≈###.####..
#≈≈≈≈~~~~~≈≈≈≈###.####.#
##########≈≈≈≈~~~~~≈≈≈≈#.........
#....)...#≈≈≈~~≈~~~≈≈≈≈###.####..
..######.#≈≈≈~~~~≈~~≈≈≈#....# #..
### #.#≈≈≈~~≈~≈~~≈≈≈###..# #..
#.#≈≈≈~≈~~≈~~≈≈≈# #.†# #..


You could see the friendly Aylmer the knight (reflecting).


Message History

You climb upwards.
There is a stone staircase leading down here.
You see here a +0 short sword.
A blizzard demon comes into view.
The blizzard demon shouts!
You shoot a bolt. The bolt hits the blizzard demon!!
The bolt burns the blizzard demon.
The blizzard demon is heavily wounded.
You shoot a bolt. The bolt hits the blizzard demon!!
The bolt burns the blizzard demon.
The blizzard demon is almost dead.
You shoot a bolt.
The bolt hits the blizzard demon but does no damage.
The blizzard demon is almost dead.
The blizzard demon closely misses you. You block the blizzard demon's attack.
You shoot a bolt. The bolt hits the blizzard demon!!
The bolt burns the blizzard demon.
You kill the blizzard demon!
There is a stone staircase leading up here.
You climb upwards.
There is a stone staircase leading down here.
There is a stone staircase leading up here.
You climb upwards.
There is a stone staircase leading down here.
There is an open door here.
There is an escape hatch in the floor here.
You enter the shallow water.
You see here 3 stones.
There is a staircase leading out of the dungeon here.
You have escaped!

Skill      XL: |  1  2  3  4  5  6  7  8  9 10 11 12 13 14 15 16 17 18 19 20 21 22 23 24 25 26 |
---------------+-------------------------------------------------------------------------------+-----
Hexes          | 3 4 5 6 7 8 9 10 11 12 13 | 13.0
Ranged Weapons | 2 3 4 5 6 7 8 9 10 11 12 13 14 15 16 17 18 19 | 19.3
Fighting       | 2 4 5 6 7 8 9 10 11 13 14 15 17 18 19 20 22 | 22.4
Translocations | 1 2 3 4 5 6 7 8 |  8.0
Stealth        | 1 2 3 4 |  4.0
Invocations    | 2 4 5 6 8 9 10 | 10.0
Spellcasting   | 2 3 4 6 7 |  7.0
Dodging        | 3 4 5 6 8 9 11 13 15 | 15.3
Ice Magic      | 2 3 4 6 7 8 9 10 11 12 13 | 13.0
Armour         | 1 2 3 4 5 9 10 12 | 12.6
Fire Magic     | 2 3 4 |  4.0
Evocations     | 2 3 4 |  4.0
Air Magic      | 1 5 6 7 |  7.0
Earth Magic    | 3 5 6 7 8 9 10 | 10.0
Shields        | 7 9 10 11 12 13 14 15 | 15.0
Alchemy        | 3 5 7 9 10 | 10.0

Action                     |  1- 3 |  4- 6 |  7- 9 | 10-12 | 13-15 | 16-18 | 19-21 | 22-24 | 25-27 || total
---------------------------+-------+-------+-------+-------+-------+-------+-------+-------+-------++-------
  Melee: Hand cannon       |       |       |       |       |       |       |       |     1 |       ||     1
         Headbutt          |       |       |       |       |       |       |       |       |     1 ||     1
   Fire: Sling             |    79 |   137 |     4 |       |       |       |       |       |       ||   220
         Orcbow            |       |       |   254 |   409 |  1145 |  1420 |   281 |       |       ||  3509
         Hand cannon       |       |       |       |       |       |       |   969 |  1294 |   856 ||  3119
  Throw: Dart              |       |       |       |       |     4 |    57 |     3 |       |     4 ||    68
   Cast: Jinxbite          |    22 |    42 |    69 |    75 |   215 |   215 |    20 |       |       ||   658
         Sigil of Binding  |       |     1 |     1 |     2 |     1 |       |       |       |       ||     5
         Cause Fear        |       |       |       |     1 |     4 |       |       |       |       ||     5
         Dimensional Bulls |       |       |       |     3 |    11 |    11 |    12 |    27 |    13 ||    77
         Inner Flame       |       |       |       |       |     5 |     1 |     8 |     4 |       ||    18
         Metabolic Englaci |       |       |       |       |     5 |    70 |   174 |   109 |    37 ||   395
         Blink             |       |       |       |       |       |     4 |     1 |     3 |     1 ||     9
         Swiftness         |       |       |       |       |       |    14 |    18 |    14 |     9 ||    55
         Passwall          |       |       |       |       |       |     3 |       |     1 |     9 ||    13
         Leda's Liquefacti |       |       |       |       |       |       |       |     2 |       ||     2
 Invoke: Recall Ancestor   |       |       |     5 |     8 |    15 |    25 |    10 |    25 |    11 ||    99
         Ancestor Life: Kn |       |       |     1 |       |       |       |       |       |       ||     1
         Idealise          |       |       |       |       |     1 |    15 |     4 |     5 |    14 ||    39
         Transference      |       |       |       |       |       |       |       |       |     2 ||     2
  Evoke: Wand              |       |       |       |     6 |       |    11 |     9 |    10 |     3 ||    39
         Phial of floods   |       |       |       |       |       |       |     1 |       |       ||     1
         Phantom mirror    |       |       |       |       |       |       |       |     1 |       ||     1
         Tin of tremorston |       |       |       |       |       |       |       |       |     2 ||     2
    Use: Potion            |       |     4 |     4 |     3 |     2 |       |       |     2 |    14 ||    29
         Scroll            |       |     1 |     7 |    10 |    10 |     5 |    17 |    11 |    26 ||    87
 Armour: Robe              |    17 |    45 |    92 |     3 |   102 |   359 |   251 |   216 |       ||  1085
         Troll leather arm |       |       |       |    23 |       |       |       |       |       ||    23
         Steam dragon scal |       |       |       |    43 |   137 |       |       |       |       ||   180
         Quicksilver drago |       |       |       |       |       |       |       |    61 |   284 ||   345
  Dodge: Dodged            |    14 |    41 |    84 |    61 |   137 |   218 |   107 |   159 |   173 ||   994
         Repelled          |       |       |       |     4 |       |    11 |       |       |       ||    15
  Block: Other             |       |       |       |       |    17 |    24 |     3 |       |       ||    44
         Reflection        |       |       |       |       |     9 |     6 |     9 |       |       ||    24
         Kite shield       |       |       |       |       |       |       |   112 |   284 |   204 ||   600

Levels and vault maps discovered:
D:1:      zaba_arrival_water, layout_loops_ring
D:2:      minmay_inner_zag, layout_rooms, serial_shops,
          nicolae_shop_gaudy_bauble, shop, shop, nicolae_square_shop
D:3:      layout_loops_cross
D:4:      wander_river, layout_basic, uniq_duvessa
D:5:      layout_loops_corners, gammafunk_ghost_arena, chequers_big_river,
          chequers_serial_rivers_room_a, columned_hall_lemuel,
          nrook_pool_corridor, uniq_edmund
D:6:      layout_basic, minmay_temple_entry_trees
D:7:      layout_rooms, kennysheep_slug_shrine, tso_metal_star,
          nicolae_gozag_zags_fifth_avenue
D:8:      layout_cave_pods, hellmonk_overflow_destroyed_library
D:9:      layout_basic, orc_0_dummy
D:10:     layout_gridville, minitemple, zin_academy
D:11:     layout_rooms, due_lair_maze_entry_diamond, uniq_sonja
D:12:     layout_cave_pools, serial_shops, shop, uniq_urug, uniq_lodul
D:13:     layout_stronghold, david_vaults_4, nicolae_trove_entry_crystal,
          minmay_stone_trees_small, uniq_erolcha, uniq_snorg, uniq_azrael,
          uniq_jorgrun
D:14:     layout_irregular_city, serial_shops, shop, kennysheep_doodads,
          kennysheep_decorative_pillar, minmay_the_grid_2x2
          [minmay_the_grid_armoury, minmay_the_grid_stretched_grid,
          minmay_the_grid_plusring,
          minmay_the_grid_prize_four_corners_diamond_a]
D:15:     grunt_enter_depths_snipers, layout_irregular_city
Temple:   nicolae_temple_colour_theory
Lair:1:   layout_roguey, beast_lair_carwin_9, serial_bayou_shore_a
Lair:2:   layout_layer_cave, mainiacjoe_swamp_entry_angry_trees,
          serial_bayou_pond_e, st_stairs_12, chequers_serial_rivers_small_3,
          uniq_gastronok, uniq_maggie, uniq_amaemon
Lair:3:   layout_chaotic_city, minmay_snake_entry_six_corridors,
          lemuel_fruit_fields, lemuel_fruit_tree
Lair:4:   layout_regular_city, portal_ice_cave_demonic_guard,
          grunt_forest_small_clearing_treed, grunt_megastairs_3
Lair:5:   grunt_lair_end_beastmaster, layout_small_grid, slime_entry_1,
          grunt_megastairs_4
Swamp:1:  layout_falls_marsh, nicolae_swamp_feature_on_the_river_bank,
          uniq_roxanne
Swamp:2:  gammafunk_sealed_arena, layout_basic_swamp,
          evilmike_swamp_ruin_house_4
Swamp:3:  layout_falls_marsh, gammafunk_ghost_necromancy,
          evilmike_swamp_ruin_rubble_1, swamp_pool_3, uniq_nikola,
          uniq_mlioglotl
Swamp:4:  swamp_fiery, layout_basic_swamp, nicolae_swamp_drake_lake,
          nicolae_swamp_tree_isthmus
Snake:1:  layout_misc_corridors, special_room, drop_trap, uniq_rupert
Snake:2:  layout_gridlike, nicolae_triple_integral
Snake:3:  layout_cave_pods, guppyfry_snake_island, uniq_vashnia, uniq_aizul
Snake:4:  hellmonk_snake_rune_quicksilver_temple, layout_misc_corridors,
          basic_altar
Orc:1:    layout_caves, ebering_ghost_gozag
Orc:2:    st_orc_mages, layout_caves, roderic_batcave
Elf:1:    eino_elf_arrival_the_gate, layout_loops_corners,
          lightli_enter_wizlab_magi_temple, evilmike_minifort, uniq_frances,
          uniq_norris
Elf:2:    nicolae_elf_blades_splatter_lattice
          [nicolae_blade_entry_crossed_weapons], layout_geoelf_octagon,
          lemuel_flamethrower_1
Elf:3:    elf_hall_gauntlet_narrow, layout_geoelf_octagon, serial_shops,
          nicolae_shop_real_fake_doors, gammafunk_ghost_grave
Vaults:1: gammafunk_ghost_abyssal_escape, nicolae_vaults_cochlea,
          vaults_mumra_chevron_long, serial_library_hellmonk_semicircle,
          hangedman_vaults_slice, nicolae_vaults_windows_and_doors_thing,
          grunt_vaults_hallway_long, v_misc_2, v_misc_16,
          nicolae_vaults_taking_the_gang_shopping, vaults_mumra_lcd,
          vaults_dpeg_emergency_exit, layout_vaults_omnibox, serial_shops,
          nicolae_shop_gaudy_bauble, nicolae_shop_statue_plus
Vaults:2: nicolae_vaults_tetromino_L_1, hangedman_vaults_locks,
          ontoclasm_vaults_twist, v_misc_1, nicolae_vaults_big_ls,
          nicolae_vaults_heist, vaults_room_grid, nicolae_vaults_lightning_bolt,
          v_alt_pattern_2, ontoclasm_vaults_ligature,
          nicolae_vaults_doubleplus_tesselated, nicolae_vaults_tetromino_Z_1,
          nicolae_vaults_tetromino_L_2, nicolae_vaults_diamond_1,
          nicolae_vaults_apartment_1, layout_vaults_omnicross, uniq_zenata,
          uniq_sojobo, uniq_jory
Vaults:3: nicolae_vaults_layer_cake_slice, vaults_mumra_chevron,
          dpeg_vaults_monster_row, ontoclasm_vaults_eye,
          nicolae_vaults_six-pack, v_alt_pattern_1,
          nicolae_vaults_double_plus_1, nicolae_vaults_octagons,
          minmay_crypt_entry_simple_corners, nicolae_vaults_storage_closets_1,
          nicolae_vaults_trapezoid_2, v_misc_10, nicolae_vaults_angled_halls,
          nicolae_vaults_three_branches, nicolae_vaults_little_squares_2,
          nicolae_vaults_double_plus_1, layout_vaults_ring, uniq_asterion
Vaults:4: nicolae_vaults_frosty_reception, vaults_room_boxed,
          vaults_dpeg_diagonal, v_misc_27, nicolae_vaults_tetromino_Z_2,
          hangedman_vaults_trim, v_pattern_2, nicolae_vaults_closet_pinwheel_3,
          nicolae_vaults_house_2, nicolae_vaults_tetromino_T_2,
          nicolae_vaults_little_squares_6, nicolae_vaults_library_corner,
          ontoclasm_vaults_shuriken, layout_vaults_chaotic_city
Vaults:5
Crypt:1:  lemuel_minitomb, layout_misc_corridors, lemuel_upstairs_altar,
          uniq_saint_roka, uniq_josephina
Depths:1: layout_cave_pools, grunt_hell_entry_dis_old, serial_shops,
          nicolae_shop_hallway_plus, nicolae_shop_waterfront, shop,
          kennysheep_mini, serial_library_hellmonk_recessed_alcove,
          minmay_misc_feat_iff, onia_ninara_cookie
Depths:2: cheibrodos_leafed_vault, layout_basic, serial_shops, shop_fountains,
          pan_entry, hell_entry, hex_intersection, nicolae_transmutations_shop,
          hangedman_aerie_drop, infiniplex_staircase_trident
Depths:3: kennysheep_spiral_hall, layout_small_grid, abyss_entry_crystal,
          special_room [special_room_mythical_zoo], minmay_stone_trees_medium,
          pf_hell_entry_tar_river, hangedman_eye_storm, minmay_staircase_bubble
Depths:4: evilmike_zot_entry_argh, layout_cave_pools, enter_ziggurat_d,
          hell_entry, grunt_decor_resistance
Zot:1:    layout_cathedral_of_symmetry
Zot:2:    layout_basic, regret_index_zotdec_carving_tricks, uniq_tiamat,
          uniq_grunn
Zot:3:    layout_cellular_growth, hangedman_zot_diagonal_lockstep, basic_altar
Zot:4:    layout_cellular_growth, bh_zot_ikea_curve, st_large_dragon_hoard_3
Zot:5:    layout_basic

Notes
Turn   | Place    | Note
-------+----------+-------------------------------------------
     0 | D:1      | Xpym the Oni Hexslinger began the quest for the Orb.
     0 | D:1      | Reached XP level 1. HP: 19/19 MP: 2/2
    71 | D:1      | Reached XP level 2. HP: 27/27 MP: 3/3
    75 | D:1      | Reached skill level 3 in Hexes
    85 | D:1      | Learned a level 2 spell: Jinxbite
   521 | D:1      | Reached skill level 2 in Ranged Weapons
   667 | D:1      | Reached XP level 3. HP: 33/33 MP: 1/4
   988 | D:2      | Found Niorot's Magic Scroll Shop.
  1049 | D:2      | Found Cuxyack's Assorted Antiques.
  1050 | D:2      | Found Kupextur's Antique Weapon Emporium.
  1382 | D:2      | Found Xoras's Jewellery Shop.
  1485 | D:2      | Reached XP level 4. HP: 39/41 MP: 1/5
  1489 | D:2      | Learned a level 3 spell: Sigil of Binding
  2248 | D:3      | Reached skill level 4 in Hexes
  2270 | D:3      | Reached XP level 5. HP: 48/48 MP: 3/6
  2737 | D:3      | Reached skill level 3 in Ranged Weapons
  3259 | D:4      | Reached XP level 6. HP: 51/57 MP: 2/7
  3409 | D:2      | Bought a glowing sling for 103 gold pieces
  3464 | D:4      | Noticed Duvessa
  3635 | D:4      | Reached skill level 2 in Fighting
  3635 | D:4      | Reached skill level 1 in Translocations
  3668 | D:4      | Noticed Dowan
  4231 | D:5      | Entered Level 5 of the Dungeon
  4268 | D:5      | Reached XP level 7. HP: 58/66 MP: 4/8
  4328 | D:5      | Reached skill level 3 in Fighting
  4328 | D:5      | Reached skill level 4 in Ranged Weapons
  4375 | D:5      | Identified a potion of resistance
  4394 | D:5      | Noticed p0werm0de's ghost (novice MiFi)
  4947 | D:5      | Reached skill level 5 in Hexes
  5015 | D:5      | Noticed Edmund
  5065 | D:5      | Reached skill level 2 in Translocations
  5230 | D:5      | Found a transporter.
  5238 | D:5      | Found a transporter.
  5260 | D:6      | Found a staircase to the Ecumenical Temple.
  5269 | Temple   | Entered the Ecumenical Temple
  5283 | Temple   | Became a worshipper of Hepliaklqana the Forgotten
  5445 | D:5      | HP: 5/67 [orc priest/divine providence (12)]
  5895 | D:6      | Noticed a two-headed ogre
  6362 | D:6      | Reached * piety under Hepliaklqana
  6601 | D:6      | Reached skill level 4 in Fighting
  6601 | D:6      | Reached skill level 1 in Stealth
  6601 | D:6      | Reached XP level 8. HP: 70/70 MP: 6/9
  7727 | D:6      | Learned a level 4 spell: Dimensional Bullseye
  7983 | D:7      | Reached skill level 5 in Ranged Weapons
  7983 | D:7      | Reached skill level 1 in Invocations
  8010 | D:6      | Reached skill level 3 in Translocations
  8234 | D:7      | Reached skill level 2 in Stealth
  8236 | D:7      | Reached skill level 5 in Fighting
  8323 | D:7      | Found a glowing golden altar of the Shining One.
  8413 | D:7      | Reached skill level 2 in Invocations
  8482 | D:7      | Found an opulent altar of Gozag.
  8486 | D:7      | Found Gozag's Platinum Reserve.
  8555 | D:7      | Reached XP level 9. HP: 79/79 MP: 7/10
  8645 | D:7      | Found a snail-covered altar of Cheibriados.
  8889 | D:8      | Identified the +0 quarterstaff of Internal Strife {freeze,
                  | Will+}
  8954 | D:8      | Reached skill level 3 in Invocations
  9089 | D:8      | Reached ** piety under Hepliaklqana
  9090 | D:8      | Remembered your ancestor Aylmer as a knight
  9229 | D:8      | Reached skill level 6 in Hexes
  9280 | D:8      | Found a bloodstained altar of Trog.
  9284 | D:8      | Found a shimmering blue altar of Sif Muna.
  9296 | D:8      | Got the Opusculum on Variable Freezing
  9403 | D:8      | Reached skill level 6 in Ranged Weapons
  9405 | D:8      | Reached skill level 3 in Stealth
  9417 | D:8      | Reached skill level 2 in Spellcasting
  9417 | D:8      | Reached skill level 4 in Translocations
  9748 | D:8      | Reached skill level 4 in Invocations
 10542 | D:2      | Bought a smoking orcbow for 280 gold pieces
 10542 | D:2      | Identified the +4 orcbow of Peril {freeze, rElec Dex+8
                  | Stlth+} (You bought it in a shop on level 2 of the Dungeon)
 10991 | D:4      | Killed Duvessa
 10992 | D:4      | Reached XP level 10. HP: 86/86 MP: 11/14
 10993 | D:4      | Killed Dowan
 10994 | D:4      | Reached skill level 3 in Spellcasting
 10999 | D:4      | Learned a level 4 spell: Cause Fear
 11224 | D:9      | Reached skill level 2 in Dodging
 11322 | D:9      | Reached skill level 1 in Ice Magic
 11338 | D:9      | Paralysed by an orc for 4 turns
 11415 | D:9      | Found a staircase to the Orcish Mines.
 11723 | D:10     | Entered Level 10 of the Dungeon
 11752 | D:10     | Reached skill level 5 in Invocations
 11784 | D:10     | Reached *** piety under Hepliaklqana
 11860 | D:10     | Found a glowing silver altar of Zin.
 12180 | D:10     | Found a burning altar of Makhleb.
 12183 | D:10     | Found a sacrificial altar of Ru.
 12195 | D:10     | Found a shadowy altar of Dithmenos.
 12195 | D:10     | Found an iron altar of Okawaru.
 12195 | D:10     | Found a blossoming altar of Fedhas.
 12196 | D:10     | Found a hide-covered altar of Uskayaw.
 12198 | D:10     | Found an ornate altar of the Wu Jian Council.
 12199 | D:10     | Found a sparkling altar of Nemelex Xobeh.
 12280 | D:11     | Noticed a gargoyle
 12280 | D:11     | Noticed a two-headed ogre
 12390 | D:11     | Reached skill level 7 in Ranged Weapons
 12394 | D:11     | Killed a two-headed ogre
 12395 | D:11     | Reached skill level 6 in Fighting
 12395 | D:11     | Reached skill level 1 in Armour
 12395 | D:11     | Reached skill level 5 in Translocations
 12446 | D:11     | Noticed a two-headed ogre
 12555 | D:11     | Reached skill level 7 in Hexes
 12576 | D:11     | Reached skill level 2 in Ice Magic
 12684 | D:11     | Reached skill level 3 in Dodging
 12704 | D:11     | Found a staircase to the Lair.
 12707 | D:11     | Noticed Sonja
 12720 | D:11     | Killed Sonja
 12721 | D:11     | Reached XP level 11. HP: 93/96 MP: 12/15
 12875 | Lair:1   | Entered Level 1 of the Lair of Beasts
 12907 | Lair:1   | Gained mutation: Your spells are a little harder to cast,
                  | but a little more powerful. [potion of mutation]
 12907 | Lair:1   | Lost mutation: Your spells are a little harder to cast, but
                  | a little more powerful. [potion of mutation]
 12907 | Lair:1   | Gained mutation: Your muscles are strong. (Str +4, Int/Dex
                  | -1) [potion of mutation]
 13072 | Lair:1   | Reached skill level 2 in Armour
 13297 | D:2      | Bought a square bone amulet for 115 gold pieces
 13503 | D:11     | Killed a two-headed ogre
 13504 | D:11     | Reached skill level 6 in Invocations
 13850 | D:2      | Bought a scroll labelled OTHUIS VEOTUNN for 23 gold pieces
 13850 | D:2      | Bought a scroll labelled WATUCE BUCUAGU for 23 gold pieces
 13856 | D:2      | Learned a level 3 spell: Inner Flame
 14178 | Lair:1   | Reached skill level 4 in Stealth
 14178 | Lair:1   | Reached skill level 1 in Fire Magic
 14380 | Lair:1   | Reached skill level 7 in Fighting
 14380 | Lair:1   | Reached skill level 3 in Ice Magic
 14778 | Lair:2   | Noticed Amaemon
 14779 | Lair:2   | Noticed Maggie
 14945 | Lair:2   | Reached skill level 4 in Dodging
 14968 | Lair:2   | Reached **** piety under Hepliaklqana
 15106 | Lair:2   | Reached skill level 2 in Fire Magic
 15117 | Lair:2   | Reached skill level 8 in Ranged Weapons
 15344 | Lair:2   | Reached skill level 6 in Translocations
 15344 | Lair:2   | Reached XP level 12. HP: 86/106 MP: 17/17
 15448 | Lair:1   | Reached skill level 7 in Invocations
 15600 | Lair:2   | Killed Amaemon
 15727 | Lair:2   | Killed Maggie
 15826 | Lair:2   | Noticed Gastronok
 15837 | Lair:2   | Killed Gastronok
 15838 | Lair:2   | Reached skill level 8 in Fighting
 15838 | Lair:2   | Reached skill level 3 in Fire Magic
 15838 | Lair:2   | Reached skill level 4 in Ice Magic
 16132 | Lair:2   | Reached skill level 8 in Hexes
 16427 | Lair:2   | Reached skill level 1 in Evocations
 16453 | Lair:2   | Reached skill level 5 in Dodging
 16504 | Lair:2   | Found a staircase to the Swamp.
 16922 | Lair:3   | Reached skill level 8 in Invocations
 16922 | Lair:3   | Reached skill level 2 in Evocations
 16964 | Lair:3   | Reached skill level 9 in Ranged Weapons
 16964 | Lair:3   | Reached XP level 13. HP: 114/114 MP: 17/19
 17008 | Lair:3   | Reached skill level 4 in Fire Magic
 17085 | Lair:3   | Reached skill level 5 in Ice Magic
 17158 | Lair:3   | Identified a scarf of resistance
 17207 | Lair:3   | Found a staircase to the Snake Pit.
 17224 | Lair:3   | Reached skill level 7 in Translocations
 17880 | Lair:4   | Found a frozen archway.
 17936 | IceCv    | Entered an ice cave
 18429 | IceCv    | Noticed an ice dragon
 18539 | IceCv    | Killed an ice dragon
 18540 | IceCv    | Reached skill level 4 in Spellcasting
 18734 | IceCv    | Identified the ring of Jogeta {AC+4 Str+4 Int+3}
 18743 | IceCv    | Identified the ring "Qoogai" {^Contam rElec rPois AC+4
                  | Slay+2}
 18851 | Lair:4   | Reached ***** piety under Hepliaklqana
 18979 | Lair:4   | Reached skill level 3 in Evocations
 19784 | Lair:4   | Learned a level 5 spell: Metabolic Englaciation
 19794 | Lair:5   | Entered Level 5 of the Lair of Beasts
 19896 | Lair:5   | Reached skill level 9 in Invocations
 19931 | Lair:5   | Found a viscous altar of Jiyva.
 19932 | Lair:5   | Found a staircase to the Slime Pits.
 19953 | Lair:5   | Reached skill level 9 in Hexes
 20258 | Lair:5   | Reached skill level 6 in Ice Magic
 20407 | Lair:5   | Reached skill level 10 in Ranged Weapons
 20407 | Lair:5   | Reached XP level 14. HP: 122/122 MP: 18/21
 20618 | Lair:5   | Reached skill level 4 in Evocations
 21536 | Lair:5   | Reached skill level 10 in Invocations
 21991 | Lair:5   | Noticed a dire elephant
 22020 | Lair:5   | Reached skill level 7 in Ice Magic
 22190 | Lair:5   | Identified the +5 orcbow of Onues {heavy, rElec rN+ Dex+3
                  | Stlth+}
 22382 | Orc:1    | Entered Level 1 of the Orcish Mines
 22759 | Orc:2    | Entered Level 2 of the Orcish Mines
 23354 | Orc:1    | Found a runed translucent gate.
 23354 | Orc:1    | Found a runed translucent gate.
 23354 | Orc:1    | Found a runed translucent gate.
 23356 | Orc:1    | Found an opulent altar of Gozag.
 23357 | Orc:1    | Noticed vbillard's ghost (journeyman DECj)
 23358 | Orc:1    | Found Seqenwist's Assorted Antiques.
 23663 | Orc:2    | Reached skill level 11 in Ranged Weapons
 23663 | Orc:2    | Reached skill level 10 in Hexes
 24182 | Orc:2    | Found a staircase to the Elven Halls.
 24353 | Orc:2    | Reached skill level 3 in Armour
 24447 | Orc:2    | Found Uvauwefo's Magic Scroll Shop.
 24447 | Orc:2    | Found Eheichics's Armour Shop.
 24448 | Orc:2    | Found Buxunale's Armour Boutique.
 24452 | Orc:2    | Found Kybroung's Book Boutique.
 24455 | Orc:2    | Bought a scroll of noise for 11 gold pieces
 24459 | Orc:2    | Bought a scroll of identify for 22 gold pieces
 24459 | Orc:2    | Bought 3 scrolls of identify for 66 gold pieces
 24464 | Orc:2    | Bought a scroll of fog for 44 gold pieces
 24464 | Orc:2    | Bought a scroll of revelation for 82 gold pieces
 24464 | Orc:2    | Bought a scroll of revelation for 82 gold pieces
 24465 | Orc:2    | Bought a book of Burglary for 374 gold pieces
 24467 | Orc:2    | Bought a +2 robe of willpower for 247 gold pieces
 24952 | D:5      | Killed Edmund
 25049 | D:5      | Killed p0werm0de's ghost
 25403 | D:11     | Reached skill level 1 in Air Magic
 25552 | D:12     | Reached skill level 9 in Fighting
 25552 | D:12     | Reached XP level 15. HP: 131/131 MP: 19/22
 25577 | D:12     | Noticed Lodul
 25577 | D:12     | Noticed Urug
 25629 | D:12     | Killed Urug
 25695 | D:12     | Killed Lodul
 26018 | D:12     | Reached skill level 5 in Spellcasting
 26018 | D:12     | Reached skill level 2 in Air Magic
 27138 | D:12     | Reached skill level 3 in Air Magic
 27194 | D:12     | Found Iryul's Distillery.
 27202 | D:12     | Bought a potion of lignification for 42 gold pieces
 27202 | D:12     | Bought a potion of invisibility for 112 gold pieces
 27202 | D:12     | Bought a potion of heal wounds for 70 gold pieces
 27202 | D:12     | Bought a potion of resistance for 140 gold pieces
 27648 | D:13     | Noticed Erolcha
 27658 | D:13     | Killed Erolcha
 27659 | D:13     | Reached skill level 8 in Ice Magic
 27822 | D:13     | Noticed Snorg
 27833 | D:13     | Killed Snorg
 27910 | D:13     | Learned a level 2 spell: Blink
 28189 | D:13     | Found a portal to a secret trove of treasure.
 28264 | D:13     | Noticed Azrael
 28522 | D:14     | Reached ****** piety under Hepliaklqana
 28526 | D:14     | Found Obinlemm's Magic Scroll Emporium.
 28541 | D:14     | Reached skill level 4 in Air Magic
 28937 | D:14     | Reached skill level 6 in Spellcasting
 29054 | D:14     | Reached skill level 10 in Fighting
 29415 | D:14     | Learned a level 3 spell: Swiftness
 29437 | D:15     | Entered Level 15 of the Dungeon
 29602 | D:15     | Reached skill level 12 in Ranged Weapons
 30487 | D:15     | Reached skill level 5 in Air Magic
 30487 | D:15     | Reached XP level 16. HP: 125/143 MP: 23/25
 30536 | D:15     | Found a staircase to the Depths.
 30784 | Snake:1  | Entered Level 1 of the Snake Pit
 31330 | Snake:1  | Reached skill level 1 in Earth Magic
 31448 | Snake:1  | Noticed Rupert
 31459 | Snake:1  | Killed Rupert
 31460 | Snake:1  | Reached skill level 11 in Hexes
 31646 | Snake:1  | Reached skill level 7 in Spellcasting
 32294 | Snake:2  | Reached skill level 11 in Fighting
 32383 | Snake:2  | Reached skill level 2 in Earth Magic
 32861 | Snake:3  | Identified the serpent talisman "Wayno" {rElec Str+2}
 32861 | Snake:3  | Noticed Aizul
 32974 | Snake:3  | Reached skill level 9 in Ice Magic
 33689 | Snake:3  | Reached skill level 6 in Air Magic
 33691 | Snake:3  | Reached skill level 3 in Earth Magic
 33706 | Snake:3  | Reached skill level 8 in Translocations
 33877 | Snake:3  | Killed Aizul
 34430 | Snake:3  | Noticed Vashnia
 34436 | Snake:3  | Learned a level 3 spell: Passwall
 34629 | Snake:3  | Reached skill level 13 in Ranged Weapons
 34754 | Snake:3  | Reached XP level 17. HP: 136/154 MP: 27/27
 34814 | Snake:4  | Entered Level 4 of the Snake Pit
 34918 | Snake:4  | Reached skill level 12 in Fighting
 34983 | Snake:4  | Found an opulent altar of Gozag.
 35020 | Snake:4  | Reached skill level 4 in Earth Magic
 35328 | Snake:3  | Identified a scarf of resistance
 36565 | Snake:4  | Reached skill level 6 in Dodging
 36788 | Snake:4  | Reached skill level 10 in Ice Magic
 36788 | Snake:4  | Noticed a quicksilver dragon
 36805 | Snake:4  | Killed a quicksilver dragon
 36806 | Snake:4  | Reached skill level 5 in Earth Magic
 36933 | Snake:4  | Got a serpentine rune of Zot
 37321 | Snake:3  | Killed Vashnia
 37709 | D:2      | Bought the amulet of the Air {Inacc Air Fly rElec RMsl} for
                  | 451 gold pieces
 37709 | D:2      | Found the amulet of the Air {Inacc Air Fly rElec RMsl}
 37992 | Swamp:1  | Entered Level 1 of the Swamp
 37992 | Swamp:1  | Noticed Roxanne
 38006 | Swamp:1  | Reached skill level 13 in Fighting
 39158 | Swamp:2  | Found a transporter.
 39243 | Swamp:2  | Reached XP level 18. HP: 166/166 MP: 25/28
 39259 | Swamp:2  | Found a transporter.
 39316 | Swamp:2  | Reached skill level 14 in Ranged Weapons
 39879 | Swamp:2  | Reached skill level 7 in Dodging
 40075 | Swamp:3  | Noticed Nikola
 40085 | Swamp:3  | Found a runed translucent gate.
 40085 | Swamp:3  | Found a runed translucent gate.
 40085 | Swamp:3  | Found a runed translucent gate.
 40107 | Swamp:3  | Reached skill level 6 in Earth Magic
 40363 | Swamp:3  | Noticed Mlioglotl
 40646 | Swamp:4  | Entered Level 4 of the Swamp
 40909 | Swamp:3  | Killed Nikola
 42022 | Swamp:3  | Reached skill level 14 in Fighting
 42535 | Swamp:3  | Noticed Amet's ghost (journeyman MiBe)
 43400 | Swamp:4  | Reached skill level 4 in Armour
 43848 | Swamp:4  | Got a decaying rune of Zot
 43919 | Swamp:4  | Reached skill level 11 in Ice Magic
 44488 | D:2      | Bought a potion of enlightenment for 115 gold pieces
 44701 | Elf:1    | Entered Level 1 of the Elven Halls
 44872 | Elf:1    | Identified the +10 war axe of the Valley of Death {freeze,
                  | rElec rC+++ Int-2}
 44872 | Elf:1    | Noticed Frances
 44883 | Elf:1    | Killed Frances
 44949 | Elf:1    | Found a magical portal.
 45005 | WizLab   | Entered Tukima's Studio
 45032 | WizLab   | Reached skill level 8 in Dodging
 45291 | WizLab   | Reached XP level 19. HP: 178/178 MP: 29/29
 45405 | WizLab   | Noticed Xpym's illusion
 45564 | WizLab   | Noticed a walking crystal tome
 45588 | WizLab   | Killed a walking crystal tome
 45589 | WizLab   | Reached skill level 7 in Air Magic
 45648 | WizLab   | Got the Parchment of Curses
 45651 | WizLab   | Got the Elucidation of Malisons
 45663 | WizLab   | Identified the +4 pair of boots of Watchfulness {rElec rC+
                  | Str+2}
 45835 | Elf:1    | Reached skill level 1 in Shields
 46312 | Elf:1    | Reached skill level 2 in Shields
 46890 | Elf:1    | Reached skill level 3 in Shields
 46890 | Elf:1    | Noticed Norris
 46905 | Elf:1    | Killed Norris
 46906 | Elf:1    | Reached skill level 15 in Fighting
 47357 | Elf:1    | Reached skill level 4 in Shields
 47377 | Elf:1    | Reached skill level 15 in Ranged Weapons
 47746 | Elf:1    | Reached skill level 5 in Shields
 48407 | D:14     | Bought 3 scrolls of enchant weapon for 292 gold pieces
 48894 | Elf:2    | Paralysed by an air elemental for 1 turns
 49087 | Elf:2    | Reached skill level 6 in Shields
 49305 | Elf:2    | Found a runed translucent gate.
 49305 | Elf:2    | Found a runed translucent gate.
 49306 | Elf:2    | Found a runed translucent gate.
 49703 | Elf:3    | Entered Level 3 of the Elven Halls
 49734 | Elf:3    | Found a runed translucent door.
 49861 | Elf:3    | Reached skill level 7 in Shields
 49959 | Elf:3    | Found Kylys's Jewellery Shop.
 49962 | Elf:3    | Bought a ring of willpower for 325 gold pieces
 49962 | Elf:3    | Bought the amulet "Puto" {Faith rPois rF+ Regen+} for 756
                  | gold pieces
 50679 | Elf:3    | Paralysed by an air elemental for 1 turns
 51073 | Elf:3    | Noticed Egam Xox's ghost (adept GnSh)
 51122 | Elf:3    | Noticed a Tzitzimitl
 51130 | Elf:3    | Reached XP level 20. HP: 174/189 MP: 30/30
 51304 | Elf:3    | Noticed a Brimstone Fiend
 51408 | Elf:3    | Reached skill level 8 in Shields
 51581 | Elf:3    | Identified the ring "Foukhe" {rPois EV+5 Slay+3}
 51849 | Elf:3    | Identified the amulet of Equilibrium {Regen+ Int+2}
 51895 | Elf:3    | Identified the +7 plate armour of the Crushed Loafs {rN+
                  | Regen+ MP+9 Str-4}
 52479 | Elf:3    | Reached skill level 9 in Shields
 52677 | Elf:3    | Noticed a Brimstone Fiend
 52848 | Elf:3    | Identified the +0 plate armour of the Chupacabra {+Blink
                  | Will++ Dex-4}
 52919 | Elf:3    | Noticed a Tzitzimitl
 53112 | Elf:3    | Identified the staff of the Crawling Thing {rC+ rN+ Int+5
                  | Ice Alchemy}
 53192 | Elf:3    | Learned a level 4 spell: Leda's Liquefaction
 53563 | Orc:2    | Killed vbillard's ghost
 53883 | D:13     | Noticed Jorgrun
 53897 | D:13     | Killed Jorgrun
 53984 | D:13     | Reached skill level 1 in Alchemy
 54005 | D:13     | Found a gate to the Vaults.
 54127 | D:13     | Killed Azrael
 54236 | Vaults:1 | Entered Level 1 of the Vaults
 54246 | Vaults:1 | Found Heoteagho's Distillery.
 54267 | Vaults:1 | Reached skill level 16 in Ranged Weapons
 54319 | Vaults:1 | Bought a potion of heal wounds for 105 gold pieces
 54508 | Vaults:1 | Noticed Galthrax's ghost (adept GnCj)
 54512 | Vaults:1 | Found a transporter.
 54749 | Vaults:1 | Found Sutu's Weapon Shoppe.
 54836 | Vaults:1 | Identified the +5 trident of Lely Ruo {flame, rPois Str-4
                  | Int+3}
 54905 | Vaults:1 | Reached skill level 2 in Alchemy
 55064 | Vaults:1 | Found a transporter.
 55494 | Vaults:1 | Reached skill level 9 in Dodging
 55912 | Vaults:1 | Found Hitaik's Jewellery Boutique.
 56203 | Vaults:2 | Reached skill level 3 in Alchemy
 56582 | Vaults:2 | Reached XP level 21. HP: 198/198 MP: 26/31
 56639 | Vaults:2 | Reached skill level 12 in Hexes
 56639 | Vaults:2 | Reached skill level 12 in Ice Magic
 56863 | Vaults:2 | Noticed Sojobo
 57073 | Vaults:1 | Paralysed by an air elemental for 1 turns
 57078 | Vaults:1 | Paralysed by an air elemental for 1 turns
 57167 | Vaults:2 | Reached skill level 10 in Dodging
 57359 | Vaults:2 | Noticed Zenata
 57367 | Vaults:2 | Noticed Jory
 57463 | Vaults:1 | Killed Sojobo
 57464 | Vaults:1 | Reached skill level 16 in Fighting
 57620 | Vaults:2 | Reached skill level 4 in Alchemy
 57965 | Vaults:3 | Found a staircase to the Crypt.
 58106 | Vaults:2 | Reached skill level 10 in Shields
 59266 | Vaults:3 | Reached skill level 11 in Dodging
 59432 | Vaults:3 | Noticed Asterion
 59438 | Vaults:3 | Killed Asterion
 59695 | Vaults:4 | Reached skill level 5 in Alchemy
 60432 | Vaults:4 | Reached skill level 7 in Earth Magic
 61659 | Vaults:4 | Identified the +3 rapier "Killer Bee's Death" {holy, rC+}
 61765 | Vaults:2 | Reached skill level 17 in Fighting
 61765 | Vaults:2 | Reached XP level 22. HP: 211/211 MP: 28/32
 61999 | Orc:1    | Bought a phantom mirror for 1040 gold pieces
 62170 | Depths:1 | Entered Level 1 of the Depths
 62459 | Depths:1 | Found Couzxiq's Distillery.
 62565 | Depths:1 | Reached skill level 12 in Dodging
 62598 | Depths:1 | Reached skill level 6 in Alchemy
 62760 | Depths:1 | Found Garaoxin's Antique Armour Emporium.
 62849 | Depths:1 | Found Veojon's Book Boutique.
 62890 | Depths:1 | Found Suoduf's Distillery.
 62996 | Depths:1 | Found a gateway to Hell.
 63053 | Depths:1 | Reached skill level 11 in Shields
 63348 | Depths:2 | Found Matauqogu's Changing Room.
 63679 | Depths:2 | Found a one-way gate leading to the halls of Pandemonium.
 63725 | Depths:2 | Found Gupn's Antique Weapon Boutique.
 63787 | Depths:2 | Found a runed translucent door.
 63874 | Depths:2 | Reached skill level 8 in Earth Magic
 65105 | Depths:2 | Reached skill level 7 in Alchemy
 65109 | Depths:2 | Reached skill level 13 in Dodging
 65158 | Depths:2 | Noticed a caustic shrike
 65158 | Depths:2 | Noticed a golden dragon
 65167 | Depths:2 | Killed a caustic shrike
 65173 | Depths:2 | Killed a golden dragon
 65323 | Depths:2 | Reached skill level 17 in Ranged Weapons
 65409 | Depths:2 | Reached skill level 18 in Fighting
 65442 | Depths:2 | Got Erete's Directory of Conflict
 65452 | Depths:2 | Identified the ring of Light {Fire *Corrode Str+2 Stlth+}
 66062 | Depths:3 | Reached XP level 23. HP: 209/222 MP: 28/33
 66627 | Depths:3 | Found a one-way gate to the infinite horrors of the Abyss.
 67029 | Depths:3 | Identified the staff of Drought {Summ Fire Earth}
 67064 | Depths:4 | Entered Level 4 of the Depths
 67064 | Depths:4 | Found a one-way gateway to a ziggurat.
 67203 | Depths:4 | Reached skill level 12 in Shields
 67214 | Depths:4 | Reached skill level 9 in Earth Magic
 67418 | Depths:4 | Reached skill level 8 in Alchemy
 67425 | Depths:4 | Reached skill level 14 in Dodging
 68183 | Depths:4 | Found a gate to the Realm of Zot.
 68915 | Elf:2    | Reached skill level 19 in Fighting
 69351 | Depths:2 | Paralysed by an air elemental for 1 turns
 69398 | Depths:2 | Paralysed by an air elemental for 1 turns
 69400 | Depths:2 | Paralysed by an air elemental for 1 turns
 69454 | Depths:2 | Paralysed by an air elemental for 1 turns
 69457 | Depths:2 | Paralysed by an air elemental for 1 turns
 69499 | Depths:2 | Paralysed by an air elemental for 1 turns
 69503 | Depths:2 | Paralysed by an air elemental for 1 turns
 69598 | Depths:2 | Identified the +1 storm dragon scales "Qizipse" {rElec
                  | Str+2 Dex+2}
 69602 | Depths:2 | Identified the staff of Peozasch {rElec rC+ Air}
 70112 | Swamp:1  | Killed Roxanne
 70388 | Swamp:3  | Killed Mlioglotl
 70559 | Swamp:3  | Killed Amet's ghost
 70564 | Swamp:3  | Reached skill level 9 in Alchemy
 70899 | Elf:3    | Killed Egam Xox's ghost
 70900 | Elf:3    | Reached skill level 15 in Dodging
 71324 | Crypt:1  | Entered Level 1 of the Crypt
 71723 | Depths:1 | Bought quicksilver dragon scales for 1260 gold pieces
 71995 | Vaults:5 | Entered Level 5 of the Vaults
 72002 | Vaults:5 | Reached skill level 5 in Armour
 72006 | Vaults:5 | Reached XP level 24. HP: 222/234 MP: 23/33
 72007 | Vaults:5 | Reached skill level 13 in Shields
 72019 | Vaults:5 | Reached skill level 6 in Armour
 72232 | Vaults:5 | Reached skill level 7 in Armour
 72457 | Vaults:5 | Reached skill level 8 in Armour
 72706 | Vaults:5 | Reached skill level 18 in Ranged Weapons
 72752 | Vaults:5 | Identified the +1 plate armour of Viarep {rElec rF+ MP+9}
 72987 | Vaults:5 | Identified the +11 whip "Guibuijy" {drain, Int+2}
 73212 | Vaults:5 | Got a silver rune of Zot
 73324 | Vaults:5 | Identified the +5 ring mail "Trusted Companion" {rElec
                  | Int-2 SInv}
 73606 | Vaults:5 | Got the Tome of Ignition
 73653 | Vaults:5 | Noticed an ancient lich
 73663 | Vaults:5 | Killed an ancient lich
 73728 | Vaults:5 | Identified the +0 pair of gloves of Lelaungo {^Drain rN+
                  | Slay+2}
 73817 | Vaults:5 | Identified the staff "Repsuc" {rPois Will+ Int+4 Dex-2
                  | Alchemy}
 73989 | Vaults:1 | Bought the ring of Ziottipt {rN+ AC+4 Int-2 Dex+7 SInv} for
                  | 804 gold pieces
 74276 | Zot:1    | Entered Level 1 of the Realm of Zot
 74361 | Zot:1    | Reached skill level 9 in Armour
 74375 | Zot:2    | Noticed Grunn
 74600 | Zot:1    | Reached XP level 25. HP: 243/243 MP: 30/33
 74652 | Zot:2    | Reached skill level 14 in Shields
 74657 | Zot:2    | Killed Grunn
 74794 | Zot:2    | Found the +4 dragonskin cloak
 74794 | Zot:2    | Noticed Tiamat
 75665 | Zot:3    | Found a bloodstained altar of Trog.
 75955 | Zot:1    | Noticed a curse toe
 75973 | Zot:1    | Reached skill level 10 in Alchemy
 75987 | Zot:1    | Killed a curse toe
 76204 | Zot:1    | Noticed an electric golem
 76209 | Zot:1    | Killed an electric golem
 76516 | D:13     | You paid a toll of +3 storm dragon scales to enter a
                  | treasure trove
 76517 | Trove    | Entered a treasure trove
 76524 | Trove    | Identified the +1 cloak of Vermicelli {+Blink Will+ Str+3
                  | Int-5}
 76527 | Trove    | Identified the +2 cloak "Pecageza" {Int+3}
 76554 | Trove    | Identified the +0 buckler "Tichouf" {Harm +Inv Will-
                  | Regen+}
 76903 | Depths:1 | Bought 2 potions of haste for 280 gold pieces
 77147 | Zot:1    | Reached skill level 10 in Earth Magic
 77454 | Zot:2    | Reached skill level 20 in Fighting
 77499 | Zot:3    | Noticed an electric golem
 77516 | Zot:2    | Killed an electric golem
 77609 | Zot:3    | Reached skill level 10 in Armour
 77943 | Zot:3    | Reached skill level 13 in Ice Magic
 77951 | Zot:3    | Reached skill level 13 in Hexes
 78041 | Zot:5    | Entered Level 5 of the Realm of Zot
 78227 | Zot:5    | Noticed a curse toe
 78235 | Zot:5    | Killed a curse toe
 78547 | Zot:5    | Reached XP level 26. HP: 255/255 MP: 29/33
 78577 | Zot:5    | Identified the +5 orcbow of Cuvofauj {drain, rF+ Int+4}
 78716 | Zot:5    | Noticed an electric golem
 78723 | Zot:5    | Killed an electric golem
 78821 | Zot:5    | Noticed an ancient lich
 78835 | Zot:5    | Killed an ancient lich
 78850 | Zot:5    | Noticed a Killer Klown
 78871 | Zot:5    | Killed a Killer Klown
 78907 | Zot:5    | Reached skill level 15 in Shields
 78995 | Zot:5    | Noticed an orb of fire
 78998 | Zot:5    | Gained mutation: You sometimes lose your temper in combat.
                  | [an orb of fire]
 79007 | Zot:5    | Noticed an electric golem
 79033 | Zot:5    | Gained mutation: You have an uncontrollable temper. [an orb
                  | of fire]
 79050 | Zot:5    | Lost mutation: You have an uncontrollable temper. [potion
                  | of mutation]
 79050 | Zot:5    | Lost mutation: Your muscles are strong. (Str +4, Int/Dex
                  | -1) [potion of mutation]
 79050 | Zot:5    | Lost mutation: You sometimes lose your temper in combat.
                  | [potion of mutation]
 79050 | Zot:5    | Gained mutation: Your mind is acute. (Int +4, Str/Dex -1)
                  | [potion of mutation]
 79059 | Zot:5    | Gained mutation: You are agile. (Dex +4, Str/Int -1) [an
                  | orb of fire]
 79182 | Zot:5    | Killed an orb of fire
 79688 | Zot:5    | Noticed an orb of fire
 79810 | Zot:5    | Killed an orb of fire
 79811 | Zot:5    | Reached skill level 11 in Armour
 79937 | Zot:5    | Noticed an ancient lich
 79948 | Zot:5    | Killed an ancient lich
 79949 | Zot:5    | Reached skill level 21 in Fighting
 80192 | Zot:5    | Noticed an orb of fire
 80202 | Zot:5    | Gained mutation: Your body sometimes deteriorates upon
                  | taking damage. [an orb of fire]
 80203 | Zot:5    | Gained mutation: You are weak. (Str -2) [an orb of fire]
 80205 | Zot:5    | Gained mutation: You have hidden genetic defects. [an orb
                  | of fire]
 80206 | Zot:5    | Killed an orb of fire
 80207 | Zot:5    | Lost mutation: Your mind is acute. (Int +4, Str/Dex -1)
                  | [potion of mutation]
 80207 | Zot:5    | Lost mutation: You have hidden genetic defects. [potion of
                  | mutation]
 80207 | Zot:5    | Lost mutation: Your body sometimes deteriorates upon taking
                  | damage. [potion of mutation]
 80207 | Zot:5    | Gained mutation: You passively map a small area around you.
                  | [potion of mutation]
 80207 | Zot:5    | Gained mutation: You are robust. (+10% HP) [potion of
                  | mutation]
 80207 | Zot:5    | Lost mutation: You are weak. (Str -2) [potion of mutation]
 80362 | Zot:5    | Noticed an ancient lich
 80375 | Zot:5    | Killed an ancient lich
 80433 | Zot:5    | Noticed an orb of fire
 80437 | Zot:5    | Noticed a Killer Klown
 80445 | Zot:5    | Noticed an orb of fire
 80449 | Zot:5    | Noticed an ancient lich
 80454 | Zot:5    | Gained mutation: Armour fits poorly on your strangely
                  | shaped body. [an orb of fire]
 80455 | Zot:5    | Noticed an orb of fire
 80516 | Zot:5    | Noticed an ancient lich
 80708 | Zot:5    | Killed an orb of fire
 80709 | Zot:5    | Reached skill level 19 in Ranged Weapons
 80788 | Zot:5    | Killed an ancient lich
 80899 | Zot:5    | Lost mutation: You are agile. (Dex +4, Str/Int -1) [an orb
                  | of fire]
 80900 | Zot:5    | Gained mutation: You occasionally lose the ability to read
                  | scrolls when taking damage. [an orb of fire]
 80903 | Zot:5    | Killed an orb of fire
 80904 | Zot:5    | Reached skill level 12 in Armour
 81685 | Zot:5    | Killed an electric golem
 81712 | Zot:5    | Killed an ancient lich
 81921 | Zot:5    | Noticed a Killer Klown
 81930 | Zot:5    | Killed a Killer Klown
 81931 | Zot:5    | Reached skill level 22 in Fighting
 81978 | Zot:5    | Killed a Killer Klown
 82006 | Zot:5    | Killed an orb of fire
 82126 | Zot:5    | Lost mutation: Armour fits poorly on your strangely shaped
                  | body. [potion of mutation]
 82126 | Zot:5    | Lost mutation: You occasionally lose the ability to read
                  | scrolls when taking damage. [potion of mutation]
 82126 | Zot:5    | Lost mutation: You are robust. (+10% HP) [potion of
                  | mutation]
 82126 | Zot:5    | Gained mutation: You occasionally lose the ability to drink
                  | potions when taking damage. [potion of mutation]
 82126 | Zot:5    | Gained mutation: You have sharp toenails. [potion of
                  | mutation]
 82127 | Zot:5    | Lost mutation: You passively map a small area around you.
                  | [potion of mutation]
 82127 | Zot:5    | Lost mutation: You have sharp toenails. [potion of
                  | mutation]
 82127 | Zot:5    | Lost mutation: You occasionally lose the ability to drink
                  | potions when taking damage. [potion of mutation]
 82127 | Zot:5    | Gained mutation: Your spells are a little easier to cast,
                  | but a little less powerful. [potion of mutation]
 82127 | Zot:5    | Gained mutation: You are strong-willed. (Will+) [potion of
                  | mutation]
 82129 | Zot:5    | Got the Orb of Zot
 82174 | Zot:5    | Noticed Usekkik the pandemonium lord
 82174 | Zot:5    | Noticed an ancient lich
 82737 | D:$      | Escaped with the Orb!

Vanquished Creatures
  3 ancient liches (Zot:5)
  5 orbs of fire (Zot:5)
  Sojobo (Vaults:1)
  2 Killer Klowns (Zot:5)
  Vashnia (Snake:3)
  A caustic shrike (Depths:2)
  Nikola (Swamp:3)
  5 golden dragons
  Norris (Elf:1)
  2 doom hounds (Zot:2)
  2 electric golems
  The ghost of Egam Xox the Black Belt, an adept GnSh of Cheibriados (Elf:3)
  An Ice Fiend (D:5)
  Mlioglotl (Swamp:3)
  14 Orb Guardians (Zot:5)
  5 quicksilver dragons
  8 tentacled monstrosities
  A lich (Depths:2)
  2 deep elf blademasters (Elf:3)
  Grunn (Zot:2)
  A deep elf master archer (Elf:3)
  A walking divine tome (WizLab)
  3 titans (Vaults:5)
  8 death cobs
  6 sphinxes
  Gastronok (Lair:2)
  A thorn hunter (Swamp:4)
  8 storm dragons
  5 tengu reavers
  An ancient champion (Crypt:1)
  4 shadow dragons
  2 nagarajas (Snake:4)
  A fenstrider witch (Swamp:3)
  3 draconian monks
  3 protean progenitors
  A strange machine (WizLab)
  6 deep elf sorcerers
  4 frost giants
  5 draconian shifters
  A draconian scorcher (Zot:2)
  8 vault wardens
  A draconian knight (Zot:2)
  3 iron dragons
  3 fire giants
  2 ghost moths
  2 spectral caustic shrikes (Depths:3)
  3 deep elf elementalists (Elf:3)
  A spriggan defender (Depths:2)
  9 ironbound preservers
  3 draconian stormcallers
  The ghost of vbillard the Destroyer, a journeyman DECj of Vehumet (Orc:2)
  2 orc warlords
  4 draconian annihilators
  13 stone giants
  3 formless jellyfish
  2 vampire knights (Depths:3)
  12 very ugly things
  6 deep elf death magi
  5 ironbound thunderhulks
  4 eleionomae
  6 dire elephants
  3 green draconians
  3 deep elf annihilators
  4 yellow draconians
  4 black draconians
  6 bunyips
  A war gargoyle (Vaults:5)
  6 purple draconians
  3 red draconians (Zot:2)
  6 deep elf demonologists (Elf:3)
  7 spark wasps
  4 white draconians
  A blizzard demon (D:3)
  Snorg (D:13)
  5 fire dragons
  14 ettins
  A merfolk impaler (Depths:1)
  A shambling mangrove (Swamp:3)
  An entropy weaver (shapeshifter) (Elf:3)
  A jiangshi (Vaults:2)
  An entropy weaver (Vaults:1)
  6 yaktaur captains
  14 hydras
  2 deep elf high priests
  Erolcha (D:13)
  9 great orbs of eyes
  6 rakshasas
  5 ice dragons
  31 vault guards
  2 catoblepae (Lair:5)
  2 spriggan air magi
  7 anacondas
  4 ironbound frosthearts
  10 centaur warriors
  A death knight (Crypt:1)
  2 ogre magi
  A hell beast (Zot:2)
  35 dancing weapons
  3 boulder beetles
  A ghost crab (Swamp:4)
  9 alligators
  6 deep troll earth magi
  4 two-headed ogres
  7 death yaks
  5 naga warriors
  3 orc high priests (Orc:2)
  A demonic crawler (D:6)
  A deep troll shaman (Lair:5)
  4 tengu warriors
  2 spriggan berserkers
  10 naga sharpshooters
  An occultist (Depths:1)
  A titan zombie (Vaults:5)
  Urug (D:12)
  2 hell knights (Depths:2)
  Sonja (D:11)
  14 deep elf knights
  9 shock serpents
  6 skeletal warriors
  An iron troll (Depths:2)
  3 goliath frogs (Swamp:4)
  Amaemon (Lair:2)
  2 shadow wraiths (Vaults:5)
  39 deep trolls
  3 salamander mystics
  8 swamp dragons
  A death drake (Swamp:4)
  2 flayed ghosts
  2 skysharks
  2 sea snakes (Snake:3)
  Lodul (D:12)
  A deep troll (shapeshifter) (Vaults:5)
  3 phantasmal warriors
  3 mana vipers
  A naga ritualist (Snake:2)
  7 spriggan druids
  9 deep elf archers
  3 arcanists
  3 bog bodies
  4 orc knights
  2 obsidian statues
  3 glowing orange brains
  7 lindwurms
  7 ironbound convokers
  5 necromancers
  A steelbarb worm (Zot:3)
  A fenstrider witch simulacrum (Swamp:3)
  A steelbarb worm (shapeshifter) (Vaults:5)
  7 harpies
  20 deep elf pyromancers
  6 manticores
  12 ugly things
  20 deep elf zephyrmancers
  2 shining eyes (Depths:3)
  A wolf spider (D:14)
  5 will-o-the-wisps
  3 orc sorcerers
  11 salamanders
  2 cyclopes
  14 vault sentinels
  16 moths of wrath
  2 ice statues (IceCv)
  3 spectral spriggans (Swamp:3)
  5 elephants
  11 naga magi
  28 black mambas
  13 slime creatures
  A kobold blastminer (Orc:1)
  A human zombie (Vaults:5)
  A smoke demon (Depths:4)
  An eye of devastation (Depths:3)
  An orange demon (Lair:2)
  2 gargoyles
  A storm dragon simulacrum (Depths:1)
  Maggie (Lair:2)
  7 cane toads
  An unseen horror (D:11)
  4 rime drakes
  8 komodo dragons
  3 tengu conjurers
  10 yaktaurs
  2 ice devils (Lair:4)
  A tormentor (Depths:4)
  2 freezing wraiths (Vaults:5)
  A spectral death drake (Swamp:3)
  An efreet (D:15)
  5 trolls
  A hellwing (D:6)
  4 polar bears
  17 hornets
  8 tyrant leeches
  A tarantella (shapeshifter) (Vaults:5)
  12 dream sheep
  2 raiju (shapeshifter)
  3 snapping turtles (Zot:5)
  14 blink frogs (Lair:2)
  A snapping turtle (shapeshifter) (Elf:1)
  3 glass eyes
  A jumping spider (Vaults:1)
  10 air elementals
  A vampire (D:11)
  15 spriggans
  A spriggan (shapeshifter) (D:14)
  8 water elementals
  18 yaks
  A yak (shapeshifter) (Vaults:5)
  4 basilisks
  2 wyverns
  3 wraiths
  A fire elemental (D:13)
  2 wargs
  3 golden eyes (Depths:3)
  2 redbacks (Vaults:1)
  Edmund (D:5)
  A steam dragon (Lair:2)
  5 vampire mosquitoes
  2 spriggan simulacra (Swamp:3)
  27 nagas
  2 death drake simulacra (Swamp:3)
  An acid dragon (D:13)
  7 hell hounds
  19 water moccasins
  12 swamp worms
  A water moccasin (shapeshifter) (Vaults:5)
  Duvessa (D:4)
  19 orc warriors
  9 swamp drakes
  2 black bears
  A sky beast (D:6)
  7 laughing skulls
  6 ogres
  13 centaurs
  13 wolves
  2 phantoms
  2 kobold brigands
  An earth elemental (Elf:1)
  A gnoll sergeant (D:8)
  8 bullfrogs
  4 scorpions
  A warg zombie (Crypt:1)
  6 wights
  Dowan (D:4)
  3 lindwurm simulacra (IceCv)
  An electric eel (D:9)
  4 howler monkeys
  2 jellies
  4 komodo dragon simulacra (IceCv)
  38 orc priests
  4 hounds
  3 iguanas
  A sleepcap (D:5)
  A gnoll bouda (D:4)
  23 orc wizards
  4 hell rats (Lair:2)
  9 gnolls
  3 acid dragon simulacra (IceCv)
  14 adders
  A white imp (D:5)
  5 steam dragon simulacra (IceCv)
  3 ribbon worms
  2 dart slugs
  49 orcs
  10 ball pythons
  14 bats
  6 endoplasms
  4 giant cockroaches
  A goblin (D:1)
  7 hobgoblins
  2 quokkas
  6 frilled lizards
  11 kobolds
  9 rats
  An aspiring flesh (Zot:5)
1437 creatures vanquished.

Vanquished Creatures (collateral kills)
  An orb of fire (Zot:5)
  3 ancient liches
  A Killer Klown (Zot:5)
  2 curse toes
  2 golden dragons
  A doom hound (Zot:2)
  2 electric golems
  Jorgrun (D:13)
  A lich (Vaults:5)
  13 Orb Guardians
  5 tentacled monstrosities
  A walking crystal tome (WizLab)
  Rupert (Snake:1)
  A walking frostbound tome (WizLab)
  5 quicksilver dragons
  A deep elf master archer (Elf:3)
  Frances (Elf:1)
  3 sphinxes
  4 death cobs
  3 shadow dragons
  6 tengu reavers
  3 storm dragons
  Roxanne (Swamp:1)
  3 draconian monks
  A draconian knight (Zot:5)
  A nagaraja (Snake:4)
  3 fire giants
  Aizul (Snake:3)
  8 frost giants
  3 draconian scorchers
  3 vault wardens
  A spectral caustic shrike (Depths:3)
  3 deep elf elementalists (Elf:3)
  2 draconian shifters
  A cacodemon (D:6)
  7 ironbound preservers
  A very ugly thing (Vaults:5)
  An ophan (Depths:3)
  5 stone giants
  3 draconian annihilators
  2 formless jellyfish (Vaults:4)
  A draconian stormcaller (Zot:2)
  2 ironbound thunderhulks
  A spriggan defender (Depths:4)
  3 eleionomae
  The ghost of Amet the Severer, a journeyman MiBe of Trog (Swamp:3)
  A lorocyproca (D:7)
  A vampire knight (Crypt:1)
  A war gargoyle (Vaults:5)
  3 black draconians
  4 green draconians
  A yellow draconian (Zot:3)
  3 dire elephants
  2 purple draconians
  3 deep elf death magi
  2 red draconians
  2 white draconians
  Azrael (D:13)
  A spark wasp (Depths:2)
  2 ettins
  6 fire dragons
  A jiangshi (Vaults:3)
  A deep elf high priest (Elf:3)
  2 great orbs of eyes (Depths:3)
  6 ice dragons
  A salamander tyrant (Snake:4)
  2 rakshasas
  2 yaktaur captains
  A sphinx zombie (Depths:1)
  A caustic shrike simulacrum (Depths:1)
  5 vault guards
  6 hydras
  A spriggan air mage (Depths:2)
  An ogre mage (Vaults:4)
  A catoblepas (Lair:4)
  2 ghost crabs
  3 ironbound frosthearts
  5 centaur warriors
  A two-headed ogre (D:13)
  10 dancing weapons
  5 naga warriors
  A death yak (Lair:5)
  4 tengu warriors
  An orc high priest (Orc:2)
  3 deep troll earth magi
  7 naga sharpshooters
  A shock serpent (Snake:4)
  2 skysharks (Elf:1)
  7 deep elf knights
  A swamp dragon (Swamp:4)
  15 deep trolls
  3 goliath frogs
  A sixfirhy (D:6)
  An iron troll (Depths:2)
  6 skeletal warriors
  2 bog bodies (Swamp:2)
  A glowing orange brain (Depths:1)
  A spriggan druid (Swamp:1)
  A naga ritualist (Snake:3)
  A flayed ghost (Crypt:1)
  A death drake (Swamp:4)
  A sea snake (shapeshifter) (Depths:4)
  4 mana vipers
  2 arcanists (Vaults:4)
  A phantasmal warrior (Vaults:5)
  4 lindwurms
  A steelbarb worm (Zot:3)
  The ghost of p0werm0de the Shield-Bearer, a novice MiFi (D:5)
  4 deep elf archers
  7 deep elf pyromancers
  5 ironbound convokers
  A wolf spider (Zot:5)
  2 orc knights
  6 harpies
  A shining eye (shapeshifter) (Vaults:5)
  8 deep elf zephyrmancers
  7 ugly things
  2 orc sorcerers
  A salamander (Snake:4)
  A human zombie (Vaults:5)
  A frost giant zombie (Depths:1)
  5 will-o-the-wisps
  2 moths of wrath
  2 manticores
  A spectral spriggan (Swamp:3)
  An elephant (Lair:5)
  4 vault sentinels
  A cyclops (Orc:2)
  5 guardian serpents
  2 kobold blastminers (Orc:1)
  An eye of devastation (shapeshifter) (Vaults:5)
  7 black mambas
  5 naga magi
  4 cane toads
  A black draconian zombie (Crypt:1)
  A komodo dragon (Lair:1)
  2 freezing wraiths
  2 rime drakes (IceCv)
  A yaktaur (Vaults:4)
  A spriggan skeleton (Depths:1)
  A polar bear (Lair:5)
  A troll (D:10)
  5 hornets
  2 dream sheep
  4 slime creatures
  A shadow (D:12)
  3 wraiths
  2 air elementals
  A vampire (D:10)
  2 wyverns
  10 yaks
  9 spriggans
  A basilisk (D:14)
  A neqoxec (D:9)
  A swamp worm (Swamp:4)
  3 vampire mosquitoes
  16 nagas
  3 water moccasins
  3 hell hounds
  A sky beast (D:6)
  4 swamp drakes (Swamp:4)
  3 orc warriors
  A black bear (D:11)
  An ice beast (D:8)
  A laughing skull (Crypt:1)
  3 ogres (D:12)
  A wolf (shapeshifter) (D:13)
  A centaur (D:8)
  2 wolves (Lair:2)
  A kobold brigand (D:10)
  A gnoll sergeant (D:9)
  9 bullfrogs
  A glowing shapeshifter simulacrum (Vaults:5)
  A wyvern zombie (Crypt:1)
  An earth elemental (Elf:1)
  3 wights
  A vampire bat (Orc:2)
  A howler monkey (D:6)
  A komodo dragon simulacrum (IceCv)
  7 orc priests
  2 jellies
  A sleepcap (D:7)
  A hound (D:5)
  6 orc wizards
  A hell rat (Lair:2)
  4 acid dragon simulacra (IceCv)
  5 gnolls
  A steam dragon simulacrum (IceCv)
  12 orcs
  7 kobolds
  An aspiring flesh (Zot:3)
532 creatures vanquished.

Vanquished Creatures (others)
  Asterion (Vaults:3)
  A storm dragon (Zot:3)
  A draconian shifter (Zot:3)
  A stone giant (Vaults:5)
  6 yaktaur captains
  A centaur warrior (Vaults:3)
  A dancing weapon (WizLab)
  A spriggan druid (Swamp:2)
  A deep elf archer (Elf:3)
  A swamp dragon (Swamp:4)
  3 lightning spires (Depths:2)
  2 deep elf zephyrmancers
  A vault sentinel (Vaults:1)
  4 yaktaurs
  A bloated husk (Swamp:4)
  A naga (Snake:3)
  2 swamp drakes (Swamp:4)
  An orc wizard (D:5)
  72 knights
  2 ancestors (D:6)
  26 foxfires
  2 starspawn tentacles (Swamp:3)
132 creatures vanquished.

Grand Total: 2101 creatures vanquished

Table legend: (Time is in decaauts)
 A = Elapsed time spent in this place.
 B = Non-inter-level travel time spent in this place.
 C = Inter-level travel time spent in this place.
 D = Time resting spent in this place.
 E = Time spent auto-exploring this place.
 F = Levels seen in this place.
 G = Mean time per level.
                   A        B        C        D        E       F      G
               +--------+--------+--------+--------+--------+-----+--------+
         Total |  83212 |  65328 |  17884 |  12199 |  32871 |  52 | 1600.2 |
       Dungeon |  23398 |  16158 |   7240 |   2131 |   9893 |  15 | 1559.9 |
        Temple |     28 |      2 |     26 |      0 |      0 |   1 |   28.0 |
          Lair |   8808 |   6705 |   2103 |    738 |   3793 |   5 | 1761.6 |
         Swamp |   6649 |   5992 |    657 |   2802 |   1638 |   4 | 1662.2 |
     Snake Pit |   6644 |   5613 |   1031 |    936 |   3023 |   4 | 1661.0 |
  Orcish Mines |   3378 |   2311 |   1067 |    420 |   1217 |   2 | 1689.0 |
   Elven Halls |   7710 |   6579 |   1131 |   1182 |   3508 |   3 | 2570.0 |
        Vaults |  10303 |   9024 |   1279 |   1013 |   5429 |   5 | 2060.6 |
         Crypt |    123 |    123 |      0 |      0 |      0 |   1 |  123.0 |
        Depths |   7637 |   5861 |   1776 |    800 |   3286 |   4 | 1909.2 |
           Zot |   6852 |   5282 |   1570 |   1831 |    600 |   5 | 1370.4 |
         Trove |    103 |    103 |      0 |      0 |     35 |   1 |  103.0 |
      Ice Cave |    893 |    893 |      0 |    175 |    359 |   1 |  893.0 |
        Wizlab |    679 |    679 |      0 |    168 |     89 |   1 |  679.0 |
               +--------+--------+--------+--------+--------+-----+--------+

Top non-repeatable levels by time:
   Zot:5: 3195 daAuts
Depths:2: 2941 daAuts
   Elf:3: 2896 daAuts
     D:5: 2835 daAuts
 Snake:3: 2790 daAuts
   Elf:1: 2699 daAuts
 Swamp:3: 2467 daAuts
  Lair:5: 2433 daAuts
Vaults:1: 2404 daAuts
Vaults:3: 2246 daAuts
   Orc:2: 2149 daAuts
   Elf:2: 2114 daAuts
  Lair:2: 2041 daAuts
Vaults:4: 1968 daAuts
    D:13: 1968 daAuts

Table legend:
 A = Non-vault XP
 B = Vault XP
 C = Vault XP percentage of total XP
 D = Non-vault monster count
 E = Vault monster count
 F = Vault count percentage of total count
                 A         B        C        D         E       F
            +---------+---------+-------+---------+---------+-------
      Total |  653765 |  592172 |  47.5 |    1234 |     742 |  37.6
            +---------+---------+-------+---------+---------+-------
        D:1 |      34 |       0 |   0.0 |      20 |       0 |   0.0
        D:2 |      85 |      18 |  17.5 |      29 |       5 |  14.7
        D:3 |     142 |       0 |   0.0 |      14 |       0 |   0.0
        D:4 |     344 |     214 |  38.4 |      17 |       2 |  10.5
        D:5 |     627 |    1137 |  64.5 |      26 |       6 |  18.8
        D:6 |    1443 |       0 |   0.0 |      12 |       0 |   0.0
        D:7 |     910 |       4 |   0.4 |      22 |       1 |   4.3
        D:8 |    1605 |       0 |   0.0 |      25 |       0 |   0.0
        D:9 |    1602 |       0 |   0.0 |      30 |       0 |   0.0
       D:10 |     892 |      85 |   8.7 |      11 |       1 |   8.3
       D:11 |    4529 |    1970 |  30.3 |       8 |      10 |  55.6
       D:12 |    9076 |    2129 |  19.0 |      16 |       7 |  30.4
       D:13 |    6832 |    7086 |  50.9 |      19 |      13 |  40.6
       D:14 |    6910 |    6009 |  46.5 |      17 |      13 |  43.3
       D:15 |    9463 |    2697 |  22.2 |      17 |       3 |  15.0
     Lair:1 |    2108 |    1409 |  40.1 |      10 |       7 |  41.2
     Lair:2 |    8961 |    5552 |  38.3 |      42 |      10 |  19.2
     Lair:3 |    7165 |    1473 |  17.1 |      24 |       8 |  25.0
     Lair:4 |    5295 |    3438 |  39.4 |      20 |      10 |  33.3
     Lair:5 |    9892 |   12146 |  55.1 |      30 |      21 |  41.2
    Swamp:1 |   18029 |    1360 |   7.0 |      36 |       1 |   2.7
    Swamp:2 |   15395 |       0 |   0.0 |      31 |       0 |   0.0
    Swamp:3 |   12525 |   10712 |  46.1 |      17 |      15 |  46.9
    Swamp:4 |   19474 |   15595 |  44.5 |      39 |      32 |  45.1
    Snake:1 |   11001 |    1726 |  13.6 |      23 |       1 |   4.2
    Snake:2 |    9493 |       0 |   0.0 |      18 |       0 |   0.0
    Snake:3 |   29121 |    9628 |  24.8 |      65 |      10 |  13.3
    Snake:4 |   15785 |   14803 |  48.4 |      29 |      21 |  42.0
      Orc:1 |    4708 |    3085 |  39.6 |      45 |       6 |  11.8
      Orc:2 |    2103 |    7834 |  78.8 |      22 |      64 |  74.4
      Elf:1 |   30996 |   14714 |  32.2 |      45 |      20 |  30.8
      Elf:2 |   13647 |   26830 |  66.3 |      21 |      35 |  62.5
      Elf:3 |   18063 |   32994 |  64.6 |      28 |      27 |  49.1
   Vaults:1 |   23180 |   22029 |  48.7 |      32 |      27 |  45.8
   Vaults:2 |   15678 |   18111 |  53.6 |      21 |      23 |  52.3
   Vaults:3 |   17576 |   24319 |  58.0 |      25 |      28 |  52.8
   Vaults:4 |   15895 |   20840 |  56.7 |      19 |      27 |  58.7
   Vaults:5 |   31624 |   92361 |  74.5 |      35 |      91 |  72.2
    Crypt:1 |    8823 |       0 |   0.0 |      19 |       0 |   0.0
   Depths:1 |   17883 |   13019 |  42.1 |      28 |      16 |  36.4
   Depths:2 |   28193 |   32010 |  53.2 |      34 |      35 |  50.7
   Depths:3 |   19815 |   29350 |  59.7 |      21 |      41 |  66.1
   Depths:4 |   27679 |    9412 |  25.4 |      34 |       9 |  20.9
      Zot:1 |   31881 |       0 |   0.0 |      24 |       0 |   0.0
      Zot:2 |   67827 |   15134 |  18.2 |      56 |      11 |  16.4
      Zot:3 |   33872 |       0 |   0.0 |      28 |       0 |   0.0
      Zot:5 |   35584 |  112477 |  76.0 |      30 |      43 |  58.9
      IceCv |       0 |    3729 | 100.0 |       0 |      28 | 100.0
     WizLab |       0 |   14733 | 100.0 |       0 |      14 | 100.0
            +---------+---------+-------+---------+---------+-------
